 Dungeon Crawl Stone Soup version 0.15.0-23-gc2b521c (console) character file.

599 gw the Twirler (level 7, -1/60 HPs)
             Began as a Minotaur Gladiator on Sept 8, 2014.
             Was a Follower of Cheibriados.
             Slain by an orc
             ... wielding a +0 trident
              (5 damage)
             ... on Level 4 of the Dungeon.
             The game lasted 00:02:18 (4931 turns).

gw the Twirler (Minotaur Gladiator)                 Turns: 4931, Time: 00:02:18

HP  -1/60        AC  9     Str 22      XL: 7   Next: 17%
MP   2/5         EV  7     Int  8      God: Cheibriados [*.....]
Gold 0           SH  0     Dex 16      Spells:  0 memorised,  6 levels left

rFire  . . .     SeeInvis .     a - +0 quarterstaff
rCold  . . .     Clarity  .     m - +0 chain mail
rNeg   . . .     rCorr    .     (no shield)
rPois  .         rRot     .     c - +0 hat
rElec  .         Spirit   .     (no cloak)
SustAb .         Warding  .     (no gloves)
rMut   .         Rnd*Tele +     (no boots)
Gourm  .                        (no amulet)
MR     .....                    (no ring)
                                b - cursed ring of teleportation

@: very slow, not resistant to hostile enchantments, extremely unstealthy
A: retaliatory headbutt, horns 2
a: Bend Time, Renounce Religion, Evoke Teleportation


You were on level 4 of the Dungeon.
You worshipped Cheibriados.
Cheibriados was aware of your devotion.
You were not hungry.

You visited 2 branches of the dungeon, and saw 5 of its levels.

Inventory:

Hand weapons
 a - a +0 quarterstaff (weapon)
Missiles
 d - 3 throwing nets
 i - 4 javelins
 l - 104 stones (quivered)
 p - 4 tomahawks
Armour
 c - a +0 hat (worn)
 m - a +0 chain mail (worn)
Comestibles
 f - 2 bread rations
 k - a meat ration
 o - 4 fruits
 q - a rotting chunk of hound flesh
Scrolls
 g - 2 scrolls of remove curse
 h - 2 scrolls of identify
Jewellery
 b - a cursed ring of teleportation (left hand)
Potions
 e - 4 potions of curing
 j - a potion of confusion {unknown}


   Skills:
 + Level 4.4 Fighting
 * Level 6.6 Staves
 + Level 3.7 Throwing
 + Level 3.3 Armour
 + Level 3.7 Dodging
 + Level 1.9 Invocations


You had 6 spell levels left.
You didn't know any spells.

Dungeon Overview and Level Annotations

Branches:
Dungeon (4/15)             Temple (1/1) D:4

Altars:
Ashenzari
Cheibriados
Dithmenos
Elyvilon
Fedhas
Kikubaaqudgha
Makhleb
Nemelex Xobeh
Okawaru
Qazlal
Sif Muna
Vehumet
Xom
Yredelemnul
Zin
The Shining One


Innate Abilities, Weirdness & Mutations

You reflexively headbutt those who attack you in melee.
You have a pair of horns on your head.


Message History

Found a stone staircase leading down.
An orc comes into view. It is wielding a trident.
ATTACK MOVE TO (0,1)
An orc comes into view. It is wielding a war axe.
The orc shouts! x2
ATTACK MOVE TO (0,1) ATTACK MOVE TO (0,1)
The orc hits you but does no damage. The orc priest closely misses you.
You furiously retaliate!
You headbutt the orc priest!
Use which ability? (? or * to list)
The flow of time bends around you.
Cheibriados rebukes the orc priest.
The orc priest seems to slow down.
You feel slightly more hungry. The orc hits you but does no damage.
ATTACK MOVE TO (-1,1)
You closely miss the orc. You headbutt the orc.
You kill the orc!
Cheibriados appreciates the change of pace.
The orc hits you from afar with a trident.
You die...

#. #. ###.... #.
..'.... #. ###....
##.###
##############....####
.............'......>#
#######...####....##.#
#...# #..H.# # #...#
#.)o.# #%### #.o..#
#.# #..... #.# #....##
#.# #....# #.# #....#
# #.# #....# # #.# ...


You could see an orc priest and an orc.

Table legend:
 A = Turns spent in this place as a percentage of turns spent in the entire game.
 B = Non-inter-level travel turns spent in this place as a percentage of non-inter-level travel turns spent in the entire game.
 C = Inter-level travel turns spent in this place as a percentage of turns spent in this place.
 D = Turns resting spent in this place as a percentage of non-inter-level travel turns spent in this place.
 E = Turns spent auto-exploring this place as a percentage of non-inter-level travel turns spent in this place.
 F = Non-inter-level travel turns spent in this place divided by the number of levels of this place that you've seen.
                   A       B       C       D       E      F
               +-------+-------+-------+-------+-------+----------------------
         Total | 100.0 | 100.0 |   1.2 |   5.8 |  14.4 | 253.4
       Dungeon |  97.8 |  97.9 |   1.2 |   6.0 |  14.1 | 310.0
        Temple |   2.2 |   2.1 |   3.6 |   0.0 |  25.9 |  27.0
               +-------+-------+-------+-------+-------+----------------------

Table legend:
 A = Kills in this place as a percentage of kills in entire the game.
 B = Kills by you in this place as a percentage of kills by you in the entire game.
 C = Kills by friends in this place as a percentage of kills by friends in the entire game.
 D = Other kills in this place as a percentage of other kills in the entire game.
 E = Experience gained in this place as a percentage of experience gained in the entire game.
 F = Experience gained in this place divided by the number of levels of this place that you have seen.
                   A       B       C       D       E      F
               +-------+-------+-------+-------+-------+----------------------
         Total | 100.0 | 100.0 |  -nan |  -nan | 100.0 | 171.2
       Dungeon | 100.0 | 100.0 |  -nan |  -nan | 100.0 | 214.0
               +-------+-------+-------+-------+-------+----------------------

Vanquished Creatures
  An ogre (D:4)
  A hippogriff skeleton (D:4)
  6 orc wizards
  2 hounds (D:4)
  2 worker ants (D:4)
  3 adders
  3 gnolls (D:4)
  2 worms (D:2)
  3 giant geckos
  2 oozes
  19 orcs
  17 bats
  8 hobgoblins
  6 jackals
  8 giant cockroaches
  2 giant newts
  9 goblins
  A goblin skeleton (D:4)
  A jackal skeleton (D:4)
  7 kobolds
  4 quokkas
  A quokka skeleton (D:4)
  8 rats
116 creatures vanquished.

Notes
Turn   | Place    | Note
--------------------------------------------------------------
     0 | D:1      | gw, the Minotaur Gladiator, began the quest for the Orb.
     0 | D:1      | Reached XP level 1. HP: 18/18 MP: 1/1
   158 | D:1      | Reached XP level 2. HP: 23/25 MP: 1/1
   231 | D:1      | Reached skill level 4 in Staves
   900 | D:2      | Reached skill level 1 in Armour
   900 | D:2      | Reached XP level 3. HP: 30/30 MP: 2/2
  1329 | D:2      | Reached XP level 4. HP: 38/38 MP: 2/2
  2456 | D:3      | Reached skill level 5 in Staves
  2871 | D:3      | Reached XP level 5. HP: 29/45 MP: 2/2
  3319 | D:4      | Found a staircase to the Ecumenical Temple.
  3326 | Temple   | Entered the Ecumenical Temple
  3332 | Temple   | Became a worshipper of Cheibriados the Contemplative
  3900 | D:4      | Reached skill level 1 in Invocations
  4028 | D:4      | Reached XP level 6. HP: 32/52 MP: 4/4
  4030 | D:4      | Reached skill level 6 in Staves
  4868 | D:4      | Reached XP level 7. HP: 5/60 MP: 1/5
  4926 | D:4      | HP: 3/60 [orc priest/divine providence (14)]
  4931 | D:4      | Slain by an orc

Action                   |  1- 3 |  4- 6 |  7- 9 || total
-------------------------+-------+-------+-------++-------
Melee: Quarterstaff      |    63 |   144 |     1 ||   208
Throw: Stone             |    82 |   120 |       ||   202
Invok: Bend Time         |       |     1 |     1 ||     2
  Use: Potion            |     5 |     2 |       ||     7
       Scroll            |     4 |     3 |       ||     7
  Eat: Chunk             |     1 |     6 |       ||     7
       Bread ration      |       |     1 |       ||     1

Vault maps used:
D:1:      dpeg_arrival_radiant
D:2:      grunt_decor_mini_mirrors
D:3:      first_bread, uniq_crazy_yiuf_cottage
D:4:      minmay_temple_entry_nine_rooms
Temple:   nicolae_temple_x_marks_the_god_16
